Senateurs vs Sabres
(R1)
Created - November 9, 2025 at 19:09
Goals
|
| Senateurs |
0 |
1 |
1 |
2 |
| Sabres |
0 |
3 |
4 |
7 |
|
Shots
|
| Senateurs |
13 |
12 |
7 |
32 |
| Sabres |
10 |
9 |
16 |
35 |
|
1st period
No Goal
Penalties :
Shayne Gostisbehere (Buf) for Tripping (Minor) at 2:13, Jordan Martinook (Ott) for Hooking (Minor) at 8:59, Jesse Puljujarvi (Ott) for Tripping (Minor) at 15:54, Nick Bjugstad (Ott) for Hooking (Minor) at 16:23
2nd period
1. Sabres , Jimmy Vesey 1 (Evgeni Malkin 1, Mathew Dumba 2) at 0:31
2. Senateurs , Jordan Martinook 1 (Richard Panik 1, Chris Bigras 1) at 11:04
3. Sabres , Evgeni Malkin 1 (Victor Hedman 2) at 19:05
4. Sabres , Chris Kreider 3 (Steven Stamkos 2, Mathew Dumba 3) at 19:54
Penalties :
Jared Cowen (Ott) for Attempt to injure (Major / Game Misconduct) at 0:37, Steven Stamkos (Buf) for Hooking (Minor) at 3:23, Alex Iafallo (Ott) for Tripping (Minor) at 8:24, Zachary Sanford (Ott) for Cross-checking (Minor) at 8:38, Shayne Gostisbehere (Buf) for Roughing (Minor) at 13:09
3rd period
5. Sabres , Victor Hedman 1 (Teuvo Teravainen 3, Chris Kreider 2) at 8:12 (PP)
6. Sabres , Tyler Ennis 1 (Charlie Coyle 1) at 12:03
7. Sabres , Mark Stone 1 (Tyler Ennis 1, Charlie Coyle 2) at 13:08 (PP)
8. Sabres , Chris Kreider 4 (Steven Stamkos 3) at 15:53 (SH)
9. Senateurs , Radek Faksa 1 (Chris Bigras 2, Alex Iafallo 3) at 19:36
Penalties :
Jake Gardiner (Ott) for High sticking (Minor) at 6:43, Alex Iafallo (Ott) for Roughing (Minor) at 12:27, Tyler Ennis (Buf) for Slashing (Minor) at 15:38
Goalie Stats
Mikko Koskinen (Ott), 28 saves from 35 shots - (0.800), L, 1-1-0, 60:00 minutes
Igor Shesterkin (Buf), 30 saves from 32 shots - (0.938), W, 2-1-0, 60:00 minutes
Players Stats for Senateurs
Player Name G A P +/- PIM S H SB GA TA FO MP PP MP PK MP
------------------------------------------------------------------------------------
Alex Iafallo 0 1 1 -3 4 2 1 1 1 0 1/1 22:50 3:48 4:07
Anton Lindholm 0 0 0 -2 0 0 1 4 1 2 0/0 29:07 4:18 7:08
Brendan Perlini 0 0 0 -1 0 1 0 0 0 0 0/0 7:00 0:00 0:36
Brendan Smith 0 0 0 1 0 2 0 1 0 0 0/0 20:58 1:20 3:11
Chris Bigras 0 2 2 -1 0 0 1 0 0 0 0/0 16:36 1:20 2:00
Christoph Bertschy 0 0 0 -1 0 0 1 0 0 0 0/1 7:39 0:00 1:32
Eric Gelinas 0 0 0 -1 0 1 1 1 0 1 0/0 16:33 1:40 2:39
Jake Gardiner 0 0 0 -2 2 1 2 4 0 1 0/0 27:32 2:57 6:14
Jared Cowen 0 0 0 -1 15 2 0 1 1 0 0/0 8:56 0:19 2:28
Jesse Puljujarvi 0 0 0 -3 2 2 0 0 0 0 1/2 17:07 3:48 0:08
Jordan Martinook 1 0 1 1 2 6 1 1 0 0 0/0 14:55 2:09 1:36
Mark McNeill 0 0 0 0 0 3 1 0 0 0 0/0 9:24 0:00 0:00
Nick Bjugstad 0 0 0 -3 2 1 3 0 0 0 15/40 24:01 3:48 5:27
Quinton Howden 0 0 0 1 0 0 1 0 1 0 7/15 17:53 2:09 3:31
Radek Faksa 1 0 1 0 0 1 0 0 0 0 3/6 9:24 0:00 0:00
Richard Panik 0 1 1 1 0 2 0 0 0 0 0/0 13:28 2:09 0:00
Riley Sheahan 0 0 0 -1 0 0 1 0 0 0 0/0 6:01 0:00 0:00
Zachary Sanford 0 0 0 0 2 8 3 1 0 0 1/2 13:24 0:00 3:26
Players Stats for Sabres
Player Name G A P +/- PIM S H SB GA TA FO MP PP MP PK MP
------------------------------------------------------------------------------------
Brent Seabrook 0 0 0 0 0 0 2 0 0 0 0/0 10:56 0:14 0:10
Charlie Coyle 0 2 2 1 0 5 1 0 0 0 9/18 20:07 6:20 1:51
Chris Kreider 2 1 3 1 0 7 0 2 1 0 1/3 24:53 5:25 3:35
Christian Dvorak 0 0 0 0 0 0 1 0 0 0 0/1 3:49 0:00 0:00
Corey Perry 0 0 0 1 0 1 1 0 0 0 0/0 11:58 0:00 1:12
Evgeni Malkin 1 1 2 1 0 2 1 0 1 0 1/6 11:11 0:19 0:00
Jimmy Vesey 1 0 1 1 0 1 0 1 0 0 0/0 11:16 0:05 0:29
Jonas Brodin 0 0 0 0 0 0 0 0 0 0 0/0 2:04 0:00 0:10
Justin Schultz 0 0 0 2 0 0 2 1 0 1 0/0 20:07 4:10 2:27
Mark Stone 1 0 1 1 0 4 0 0 0 0 0/1 17:40 6:20 0:00
Mathew Dumba 0 2 2 1 0 0 1 1 1 1 0/0 29:18 7:40 3:20
Samuel Blais 0 0 0 0 0 0 0 0 0 0 0/0 4:15 0:00 0:00
Shayne Gostisbehere 0 0 0 1 4 1 1 1 0 2 0/0 24:58 7:26 1:00
Steven Stamkos 0 2 2 1 2 4 2 0 0 0 28/38 27:46 5:29 3:40
Teuvo Teravainen 0 1 1 0 0 4 1 0 0 0 0/0 19:44 5:11 0:00
Tyler Ennis 1 1 2 1 2 4 1 0 1 0 0/0 18:49 6:20 1:07
Tyson Barrie 0 0 0 0 0 0 0 1 0 0 0/0 13:02 0:00 2:20
Victor Hedman 1 1 2 2 0 2 2 5 0 0 0/0 20:07 4:10 2:27
3 Stars
1 - Chris Kreider (Buf)
2 - Victor Hedman (Buf)
3 - Evgeni Malkin (Buf)
Power Play
Senateurs - 0 on 4 Attempt(s) - 0.00%
Sabres - 2 on 8 Attempt(s) - 25.00%
Penalty Kill
Senateurs - 6 on 8 Attempt(s) - 75.00%
- Score 0 goal in Penalty Kill
Sabres - 4 on 4 Attempt(s) - 100.00%
- Score 1 goal in Penalty Kill
Team Stat
Senateurs - Hits : 17 - Faceoff Wins : 28 - Blocked Shots : 14 - Penalty Minutes : 29
Sabres - Hits : 16 - Faceoff Wins : 39 - Blocked Shots : 12 - Penalty Minutes : 8
Official
Referees : TJ Luxmore and Corey Syvret
Linesman : Mark Shewchyk and Steve Barton
Game Notes
Jared Cowen (Ott) for Attempt to injure (Major / Game Misconduct) at 0:37
Jared Cowen ejected from game at 0:37 of 2nd period
8:06 of 3rd period - Sabres goal is going for a video replay. After video review, No Goal. The net was displaced accidentally.
8:12 of 3rd period - Sabres goal is going for a video replay. After video review, Goal.
Finance
Level 1 -- Attendance: 6000 (100.00%) -- Ticket Income $600,000
Level 2 -- Attendance: 4691 (93.82%) -- Ticket Income $328,370
Level 3 -- Attendance: 2000 (100.00%) -- Ticket Income $80,000
Level 4 -- Attendance: 3824 (95.60%) -- Ticket Income $114,720
Luxury Box -- Attendance: 1000 (100.00%) -- Ticket Income $200,000
Game was played at the Key Bank Center.
Total Attendance: 17515 (97.31%)
Total Ticket Income: $1,323,090
Other Income: $198,464
Total Income: $1,521,554
Senateurs
5 vs 5 Forward
Center Left Wing Right Wing Time % Phy DF OF
1 Nick Bjugstad Alex Iafallo Jesse Puljujarvi 40 1 2 2
2 Quinton Howden Jordan Martinook Richard Panik 30 1 2 2
3 Radek Faksa Zachary Sanford Mark McNeill 20 1 2 2
4 Christoph Bertschy Brendan Perlini Riley Sheahan 10 1 2 2
5 vs 5 Defense
Defense Defense Time % Phy DF OF
1 Jake Gardiner Jared Cowen 40 1 2 2
2 Eric Gelinas Anton Lindholm 30 1 2 2
3 Brendan Smith Chris Bigras 20 1 2 2
4 Jake Gardiner Jared Cowen 10 1 2 2
PowerPlay Forward
Center Left Wing Right Wing Time % Phy DF OF
1 Nick Bjugstad Alex Iafallo Jesse Puljujarvi 60 0 1 4
2 Quinton Howden Jordan Martinook Richard Panik 40 0 2 3
PowerPlay Defense
Defense Defense Time % Phy DF OF
1 Jake Gardiner Jared Cowen 60 0 2 3
2 Eric Gelinas Anton Lindholm 40 0 2 3
Penalty Kill 4 Players Forward
Center Wing Time % Phy DF OF
1 Nick Bjugstad Alex Iafallo 60 1 3 1
2 Quinton Howden Jordan Martinook 40 1 3 1
Penalty Kill 4 Players Defense
Defense Defense Time % Phy DF OF
1 Jake Gardiner Jared Cowen 60 1 3 1
2 Eric Gelinas Anton Lindholm 40 1 3 1
Penalty Kill - 3 Players Forward
Forward Time % Phy DF OF
1 Nick Bjugstad 60 1 3 1
2 Quinton Howden 40 1 3 1
Penalty Kill - 3 Players Defense
Defense Defense Time % Phy DF OF
1 Jake Gardiner Jared Cowen 60 1 3 1
2 Eric Gelinas Anton Lindholm 40 1 3 1
4 vs 4 Forward
Center Wing Time % Phy DF OF
1 Nick Bjugstad Alex Iafallo 60 1 2 2
2 Quinton Howden Jordan Martinook 40 1 2 2
4 vs 4 Defense
Defense Defense Time % Phy DF OF
1 Jake Gardiner Jared Cowen 60 1 2 2
2 Eric Gelinas Anton Lindholm 40 1 2 2
Last Minutes Offensive
Center Left Wing Right Wing Defense Defense
Nick Bjugstad Alex Iafallo Jesse Puljujarvi Jake Gardiner Jared Cowen
Last Minutes Defensive
Center Left Wing Right Wing Defense Defense
Nick Bjugstad Alex Iafallo Jesse Puljujarvi Jake Gardiner Jared Cowen
Goaltenders
Starting : Mikko Koskinen
Backup : Martin Jones
Extra Forwards
Normal : Zachary Sanford, Quinton Howden, Richard Panik - PP : Zachary Sanford, Quinton Howden - PK : Zachary Sanford
Extra Defensemen
Normal : Anton Lindholm, Brendan Smith, Chris Bigras - PP : Anton Lindholm - PK : Anton Lindholm, Brendan Smith
Penalty Shots
Nick Bjugstad, Alex Iafallo, Christoph Bertschy, Brendan Perlini, Zachary Sanford
Custom OT Lines Forwards
Nick Bjugstad, Alex Iafallo, Jordan Martinook, Jesse Puljujarvi, Zachary Sanford, Quinton Howden, Richard Panik, Riley Sheahan, Mark McNeill, Brendan Perlini
Custom OT Lines Defensemen
Jake Gardiner, Jared Cowen, Eric Gelinas, Anton Lindholm, Brendan Smith
Scratches
Dennis Everberg (Healthy), Jeremy Morin (Healthy), Artem Zub (Healthy)
Sabres
5 vs 5 Forward
Center Left Wing Right Wing Time % Phy DF OF
1 Steven Stamkos Chris Kreider Teuvo Teravainen 40 1 2 2
2 Charlie Coyle Tyler Ennis Mark Stone 30 1 2 2
3 Evgeni Malkin Jimmy Vesey Corey Perry 20 1 2 2
4 Christian Dvorak Samuel Blais Steven Stamkos 10 1 2 2
5 vs 5 Defense
Defense Defense Time % Phy DF OF
1 Mathew Dumba Shayne Gostisbehere 40 1 2 2
2 Victor Hedman Justin Schultz 30 1 2 2
3 Brent Seabrook Tyson Barrie 20 1 2 2
4 Jonas Brodin Mathew Dumba 10 1 2 2
PowerPlay Forward
Center Left Wing Right Wing Time % Phy DF OF
1 Steven Stamkos Chris Kreider Teuvo Teravainen 60 1 2 2
2 Charlie Coyle Tyler Ennis Mark Stone 40 1 2 2
PowerPlay Defense
Defense Defense Time % Phy DF OF
1 Mathew Dumba Shayne Gostisbehere 60 1 2 2
2 Victor Hedman Justin Schultz 40 1 2 2
Penalty Kill 4 Players Forward
Center Wing Time % Phy DF OF
1 Steven Stamkos Chris Kreider 60 1 2 2
2 Tyler Ennis Charlie Coyle 40 1 2 2
Penalty Kill 4 Players Defense
Defense Defense Time % Phy DF OF
1 Mathew Dumba Shayne Gostisbehere 60 1 2 2
2 Victor Hedman Justin Schultz 40 1 2 2
Penalty Kill - 3 Players Forward
Forward Time % Phy DF OF
1 Steven Stamkos 60 1 2 2
2 Chris Kreider 40 1 2 2
Penalty Kill - 3 Players Defense
Defense Defense Time % Phy DF OF
1 Mathew Dumba Shayne Gostisbehere 60 1 2 2
2 Victor Hedman Justin Schultz 40 1 2 2
4 vs 4 Forward
Center Wing Time % Phy DF OF
1 Steven Stamkos Chris Kreider 60 1 2 2
2 Tyler Ennis Charlie Coyle 40 1 2 2
4 vs 4 Defense
Defense Defense Time % Phy DF OF
1 Mathew Dumba Shayne Gostisbehere 60 1 2 2
2 Victor Hedman Justin Schultz 40 1 2 2
Last Minutes Offensive
Center Left Wing Right Wing Defense Defense
Steven Stamkos Chris Kreider Teuvo Teravainen Mathew Dumba Shayne Gostisbehere
Last Minutes Defensive
Center Left Wing Right Wing Defense Defense
Steven Stamkos Chris Kreider Teuvo Teravainen Mathew Dumba Shayne Gostisbehere
Goaltenders
Starting : Igor Shesterkin
Backup : Juuse Saros
Extra Forwards
Normal : Evgeni Malkin, Jimmy Vesey, Corey Perry - PP : Evgeni Malkin, Jimmy Vesey - PK : Corey Perry
Extra Defensemen
Normal : Brent Seabrook, Tyson Barrie, Jonas Brodin - PP : Brent Seabrook - PK : Tyson Barrie, Jonas Brodin
Penalty Shots
Steven Stamkos, Chris Kreider, Tyler Ennis, Charlie Coyle, Evgeni Malkin
Custom OT Lines Forwards
Steven Stamkos, Chris Kreider, Tyler Ennis, Charlie Coyle, Evgeni Malkin, Teuvo Teravainen, Mark Stone, Jimmy Vesey, Corey Perry, Christian Dvorak
Custom OT Lines Defensemen
Mathew Dumba, Shayne Gostisbehere, Victor Hedman, Justin Schultz, Brent Seabrook
Scratches
None
% Time on Ice - Senateurs
Lines # - Real PCT - Wanted PCT - Time Play
Normal Forward
1 - 35% - 40% - 13:57
2 - 27% - 30% - 10:52
3 - 23% - 20% - 9:24
4 - 15% - 10% - 6:01
Normal Defense
1 - 45% - 40% - 17:59
2 - 28% - 30% - 11:06
3 - 26% - 20% - 10:25
4 - 2% - 10% - 0:44
PP Forward
1 - 64% - 60% - 3:48
2 - 36% - 40% - 2:09
PP Defense
1 - 72% - 60% - 4:17
2 - 28% - 40% - 1:40
PK Forward
1 - 67% - 60% - 5:45
2 - 33% - 40% - 2:50
PK Defense
1 - 80% - 60% - 6:53
2 - 20% - 40% - 1:42
PK3 Forward
1 - 88% - 60% - 2:52
2 - 12% - 40% - 0:23
PK3 Defense
1 - 84% - 60% - 2:44
2 - 16% - 40% - 0:31
44 Forward
1 - 84% - 60% - 1:40
2 - 16% - 40% - 0:19
44 Defense
1 - 100% - 60% - 1:59
2 - 0% - 40% - 0:00
Last Minute Offensive - 0:00
Last Minute Defensive - 0:00
Total
Forward - 60:00
Defense - 60:00
|
% Time on Ice - Sabres
Lines # - Real PCT - Wanted PCT - Time Play
Normal Forward
1 - 38% - 40% - 15:20
2 - 28% - 30% - 11:20
3 - 24% - 20% - 9:45
4 - 9% - 10% - 3:49
Normal Defense
1 - 41% - 40% - 16:25
2 - 31% - 30% - 12:24
3 - 25% - 20% - 9:58
4 - 4% - 10% - 1:27
PP Forward
1 - 46% - 60% - 5:30
2 - 54% - 40% - 6:20
PP Defense
1 - 65% - 60% - 7:40
2 - 35% - 40% - 4:10
PK Forward
1 - 71% - 60% - 4:15
2 - 29% - 40% - 1:42
PK Defense
1 - 59% - 60% - 3:30
2 - 41% - 40% - 2:27
PK3 Forward
1 - 0% - 60%
2 - 0% - 40%
PK3 Defense
1 - 0% - 60%
2 - 0% - 40%
44 Forward
1 - 100% - 60% - 1:59
2 - 0% - 40% - 0:00
44 Defense
1 - 45% - 60% - 0:53
2 - 55% - 40% - 1:06
Last Minute Offensive - 0:00
Last Minute Defensive - 0:00
Total
Forward - 60:00
Defense - 60:00
|
Play-by-Play
1st period
0:01 of 1st period - Steven Stamkos wins face-off versus Nick Bjugstad in neutral zone.
0:15 of 1st period - Wrist shot by Alex Iafallo.
0:15 of 1st period - Stopped by Igor Shesterkin without a rebound.
0:16 of 1st period - Quinton Howden wins face-off versus Charlie Coyle in Sabres zone.
1:16 of 1st period - Off-side.
1:17 of 1st period - Chris Kreider wins face-off versus Nick Bjugstad in neutral zone.
1:20 of 1st period - Jake Gardiner is hit by Brent Seabrook and loses puck.
1:51 of 1st period - Snap shot by Jordan Martinook.
1:51 of 1st period - Stopped by Igor Shesterkin with a rebound.
1:57 of 1st period - Jordan Martinook is hit by Brent Seabrook and loses puck.
2:13 of 1st period - Minor Penalty to Shayne Gostisbehere for Tripping.
2:14 of 1st period - Steven Stamkos wins face-off versus Nick Bjugstad in Sabres zone.
2:23 of 1st period - Off-side.
2:24 of 1st period - Steven Stamkos wins face-off versus Nick Bjugstad in neutral zone.
3:47 of 1st period - Backhand shot by Nick Bjugstad.
3:47 of 1st period - Shot Misses the Net.
3:49 of 1st period - Slapshot by Anton Lindholm.
3:49 of 1st period - Shot Blocked by Victor Hedman.
3:51 of 1st period - Wrist shot by Jesse Puljujarvi.
3:51 of 1st period - Shot Misses the Net.
3:53 of 1st period - Snap shot by Anton Lindholm.
3:53 of 1st period - Deflect By Jesse Puljujarvi.
3:53 of 1st period - Stopped by Igor Shesterkin without a rebound.
3:54 of 1st period - Steven Stamkos wins face-off versus Quinton Howden in Sabres zone.
4:13 of 1st period - Penalty to Shayne Gostisbehere is over, Shayne Gostisbehere is back on ice.
5:02 of 1st period - Off-side.
5:03 of 1st period - Quinton Howden wins face-off versus Christian Dvorak in neutral zone.
5:10 of 1st period - Snap shot by Richard Panik.
5:10 of 1st period - Stopped by Igor Shesterkin without a rebound.
5:11 of 1st period - Steven Stamkos wins face-off versus Quinton Howden in Sabres zone.
5:22 of 1st period - Snap shot by Steven Stamkos.
5:22 of 1st period - Stopped by Mikko Koskinen without a rebound.
5:23 of 1st period - Steven Stamkos wins face-off versus Nick Bjugstad in Senateurs zone.
5:48 of 1st period - Eric Gelinas is hit by Evgeni Malkin and loses puck.
5:55 of 1st period - Snap shot by Evgeni Malkin.
5:55 of 1st period - Shot Misses the Net.
6:36 of 1st period - Wrist shot by Jordan Martinook.
6:36 of 1st period - Shot Blocked by Chris Kreider.
6:38 of 1st period - Wrist shot by Zachary Sanford.
6:38 of 1st period - Shot Misses the Net.
6:46 of 1st period - Snap shot by Radek Faksa.
6:46 of 1st period - Shot Misses the Net.
7:20 of 1st period - Brendan Smith is hit by Tyler Ennis and loses puck.
7:54 of 1st period - Backhand shot by Alex Iafallo.
7:54 of 1st period - Shot Misses the Net.
8:00 of 1st period - Chris Bigras is hit by Teuvo Teravainen and loses puck.
8:20 of 1st period - Wrist shot by Brendan Perlini.
8:20 of 1st period - Stopped by Igor Shesterkin with a rebound.
8:22 of 1st period - Slapshot by Chris Bigras.
8:22 of 1st period - Shot Blocked by Tyson Barrie.
8:36 of 1st period - Wrist shot by Tyler Ennis.
8:36 of 1st period - Shot Blocked by Jake Gardiner.
8:38 of 1st period - Snap shot by Tyler Ennis.
8:38 of 1st period - Stopped by Mikko Koskinen with a rebound.
8:59 of 1st period - Minor Penalty to Jordan Martinook for Hooking.
9:00 of 1st period - Nick Bjugstad wins face-off versus Mark Stone in Senateurs zone.
10:00 of 1st period - Wrist shot by Zachary Sanford.
10:00 of 1st period - Stopped by Igor Shesterkin without a rebound.
10:01 of 1st period - Steven Stamkos wins face-off versus Quinton Howden in Sabres zone.
10:42 of 1st period - Victor Hedman is hit by Quinton Howden and loses puck.
10:53 of 1st period - Wrist shot by Tyler Ennis.
10:53 of 1st period - Stopped by Mikko Koskinen without a rebound.
10:54 of 1st period - Steven Stamkos wins face-off versus Nick Bjugstad in Senateurs zone.
10:59 of 1st period - Penalty to Jordan Martinook is over, Jordan Martinook is back on ice.
12:38 of 1st period - Snap shot by Alex Iafallo.
12:38 of 1st period - Shot Misses the Net.
13:10 of 1st period - Snap shot by Brendan Perlini.
13:10 of 1st period - Deflect By Zachary Sanford.
13:10 of 1st period - Stopped by Igor Shesterkin without a rebound.
13:11 of 1st period - Charlie Coyle wins face-off versus Radek Faksa in Sabres zone.
13:40 of 1st period - Off-side.
13:41 of 1st period - Alex Iafallo wins face-off versus Steven Stamkos in neutral zone.
13:54 of 1st period - Snap shot by Steven Stamkos.
13:54 of 1st period - Stopped by Mikko Koskinen with a rebound.
13:56 of 1st period - Snap shot by Victor Hedman.
13:56 of 1st period - Stopped by Mikko Koskinen with a rebound.
14:13 of 1st period - Slapshot by Jake Gardiner.
14:13 of 1st period - Shot Misses the Net.
14:15 of 1st period - Wrist shot by Jordan Martinook.
14:15 of 1st period - Stopped by Igor Shesterkin with a rebound.
14:17 of 1st period - Slapshot by Jake Gardiner.
14:17 of 1st period - Stopped by Igor Shesterkin without a rebound.
14:18 of 1st period - Steven Stamkos wins face-off versus Nick Bjugstad in Sabres zone.
14:42 of 1st period - Icing by Shayne Gostisbehere.
14:43 of 1st period - Quinton Howden wins face-off versus Steven Stamkos in Sabres zone.
14:48 of 1st period - Slapshot by Quinton Howden.
14:48 of 1st period - Shot Misses the Net.
15:14 of 1st period - Wrist shot by Steven Stamkos.
15:14 of 1st period - Shot Misses the Net.
15:16 of 1st period - Slapshot by Shayne Gostisbehere.
15:16 of 1st period - Shot Misses the Net.
15:18 of 1st period - Slapshot by Shayne Gostisbehere.
15:18 of 1st period - Shot Blocked by Eric Gelinas.
15:20 of 1st period - Slapshot by Mathew Dumba.
15:20 of 1st period - Deflect By Teuvo Teravainen.
15:20 of 1st period - Stopped by Mikko Koskinen with a rebound.
15:22 of 1st period - Snap shot by Steven Stamkos.
15:22 of 1st period - Shot Blocked by Anton Lindholm.
15:30 of 1st period - Wrist shot by Steven Stamkos.
15:30 of 1st period - Stopped by Mikko Koskinen without a rebound.
15:31 of 1st period - Charlie Coyle wins face-off versus Nick Bjugstad in Senateurs zone.
15:44 of 1st period - Backhand shot by Charlie Coyle.
15:44 of 1st period - Stopped by Mikko Koskinen with a rebound.
15:46 of 1st period - Slapshot by Charlie Coyle.
15:46 of 1st period - Stopped by Mikko Koskinen with a rebound.
15:48 of 1st period - Backhand shot by Tyler Ennis.
15:48 of 1st period - Shot Blocked by Jared Cowen.
15:54 of 1st period - Minor Penalty to Jesse Puljujarvi for Tripping.
15:55 of 1st period - Charlie Coyle wins face-off versus Nick Bjugstad in Senateurs zone.
16:08 of 1st period - Wrist shot by Charlie Coyle.
16:08 of 1st period - Stopped by Mikko Koskinen without a rebound.
16:09 of 1st period - Steven Stamkos wins face-off versus Nick Bjugstad in Senateurs zone.
16:10 of 1st period - Wrist shot by Chris Kreider.
16:10 of 1st period - Shot Blocked by Alex Iafallo.
16:23 of 1st period - Minor Penalty to Nick Bjugstad for Hooking.
16:24 of 1st period - Zachary Sanford wins face-off versus Steven Stamkos in Senateurs zone.
16:28 of 1st period - Slapshot by Jared Cowen.
16:28 of 1st period - Stopped by Igor Shesterkin without a rebound.
16:29 of 1st period - Steven Stamkos wins face-off versus Zachary Sanford in Sabres zone.
16:44 of 1st period - Snap shot by Chris Kreider.
16:44 of 1st period - Shot Misses the Net.
17:54 of 1st period - Penalty to Jesse Puljujarvi is over, Jesse Puljujarvi is back on ice.
18:11 of 1st period - Mark Stone is hit by Alex Iafallo.
18:23 of 1st period - Penalty to Nick Bjugstad is over, Nick Bjugstad is back on ice.
18:33 of 1st period - Wrist shot by Jimmy Vesey.
18:33 of 1st period - Shot Misses the Net.
19:04 of 1st period - Off-side.
19:05 of 1st period - Radek Faksa wins face-off versus Evgeni Malkin in neutral zone.
19:10 of 1st period - Wrist shot by Radek Faksa.
19:10 of 1st period - Shot Blocked by Mathew Dumba.
19:12 of 1st period - Snap shot by Mark McNeill.
19:12 of 1st period - Stopped by Igor Shesterkin without a rebound.
19:13 of 1st period - Radek Faksa wins face-off versus Evgeni Malkin in Sabres zone.
19:14 of 1st period - Wrist shot by Zachary Sanford.
19:14 of 1st period - Stopped by Igor Shesterkin with a rebound.
19:20 of 1st period - Zachary Sanford is hit by Corey Perry.
19:41 of 1st period - Snap shot by Jared Cowen.
19:41 of 1st period - Stopped by Igor Shesterkin without a rebound.
19:42 of 1st period - Nick Bjugstad wins face-off versus Steven Stamkos in Sabres zone.
Goals for this period are 0 for Senateurs vs 0 for Sabres.
Shots for this period are 13 for Senateurs vs 10 for Sabres.
2nd period
0:01 of 2nd period - Steven Stamkos wins face-off versus Nick Bjugstad in neutral zone.
0:01 of 2nd period - Steven Stamkos is hit by Nick Bjugstad.
0:31 of 2nd period - Snap shot by Jimmy Vesey.
0:31 of 2nd period - Goal by Jimmy Vesey - Senateurs : 0 - Sabres : 1.
0:32 of 2nd period - Steven Stamkos wins face-off versus Nick Bjugstad in neutral zone.
0:34 of 2nd period - Shayne Gostisbehere is hit by Nick Bjugstad and loses puck.
0:37 of 2nd period - Major / Game Misconduct Penalty to Jared Cowen for Attempt to injure.
0:37 of 2nd period - Jared Cowen is ejected from game.
0:38 of 2nd period - Steven Stamkos wins face-off versus Nick Bjugstad in Senateurs zone.
0:51 of 2nd period - Snap shot by Chris Kreider.
0:51 of 2nd period - Shot Misses the Net.
0:53 of 2nd period - Wrist shot by Teuvo Teravainen.
0:53 of 2nd period - Shot Blocked by Jake Gardiner.
1:45 of 2nd period - Snap shot by Jordan Martinook.
1:45 of 2nd period - Stopped by Igor Shesterkin without a rebound.
1:46 of 2nd period - Steven Stamkos wins face-off versus Quinton Howden in Sabres zone.
3:23 of 2nd period - Minor Penalty to Steven Stamkos for Hooking.
3:24 of 2nd period - Nick Bjugstad wins face-off versus Evgeni Malkin in Sabres zone.
3:24 of 2nd period - Wrist shot by Alex Iafallo.
3:24 of 2nd period - Shot Blocked by Chris Kreider.
3:50 of 2nd period - Slapshot by Shayne Gostisbehere.
3:50 of 2nd period - Shot Blocked by Jake Gardiner.
4:14 of 2nd period - Snap shot by Jordan Martinook.
4:14 of 2nd period - Stopped by Igor Shesterkin with a rebound.
5:01 of 2nd period - Brendan Smith is hit by Justin Schultz and loses puck.
5:23 of 2nd period - Penalty to Steven Stamkos is over, Steven Stamkos is back on ice.
5:37 of 2nd period - Penalty to Jared Cowen is over, Zachary Sanford is send on ice.
5:40 of 2nd period - Snap shot by Chris Kreider.
5:40 of 2nd period - Stopped by Mikko Koskinen with a rebound.
5:42 of 2nd period - Slapshot by Brent Seabrook.
5:42 of 2nd period - Deflect By Evgeni Malkin.
5:42 of 2nd period - Shot Blocked by Jake Gardiner.
5:42 of 2nd period - Puck is out of play.
5:43 of 2nd period - Charlie Coyle wins face-off versus Radek Faksa in Senateurs zone.
6:06 of 2nd period - Zachary Sanford is hit by Christian Dvorak and loses puck.
6:59 of 2nd period - Off-side.
7:00 of 2nd period - Steven Stamkos wins face-off versus Quinton Howden in neutral zone.
7:25 of 2nd period - Steven Stamkos is hit by Riley Sheahan and loses puck.
8:14 of 2nd period - Snap shot by Chris Kreider.
8:14 of 2nd period - Stopped by Mikko Koskinen with a rebound.
8:16 of 2nd period - Slapshot by Shayne Gostisbehere.
8:16 of 2nd period - Deflect By Christoph Bertschy.
8:16 of 2nd period - Stopped by Mikko Koskinen with a rebound.
8:18 of 2nd period - Wrist shot by Teuvo Teravainen.
8:18 of 2nd period - Shot Misses the Net.
8:20 of 2nd period - Slapshot by Mathew Dumba.
8:20 of 2nd period - Deflect By Chris Kreider.
8:20 of 2nd period - Shot Blocked by Brendan Smith.
8:20 of 2nd period - Puck is out of play.
8:21 of 2nd period - Nick Bjugstad wins face-off versus Charlie Coyle in Senateurs zone.
8:21 of 2nd period - Nick Bjugstad is hit by Justin Schultz.
8:24 of 2nd period - Minor Penalty to Alex Iafallo for Tripping.
8:25 of 2nd period - Nick Bjugstad wins face-off versus Charlie Coyle in Senateurs zone.
8:38 of 2nd period - Minor Penalty to Zachary Sanford for Cross-checking.
8:39 of 2nd period - Charlie Coyle wins face-off versus Nick Bjugstad in Senateurs zone.
8:47 of 2nd period - Slapshot by Tyler Ennis.
8:47 of 2nd period - Stopped by Mikko Koskinen with a rebound.
8:49 of 2nd period - Snap shot by Mark Stone.
8:49 of 2nd period - Stopped by Mikko Koskinen with a rebound.
8:59 of 2nd period - Anton Lindholm is hit by Charlie Coyle and loses puck.
9:55 of 2nd period - Chris Bigras is hit by Victor Hedman.
10:24 of 2nd period - Penalty to Alex Iafallo is over, Alex Iafallo is back on ice.
10:38 of 2nd period - Penalty to Zachary Sanford is over, Zachary Sanford is back on ice.
10:52 of 2nd period - Icing by Victor Hedman.
10:53 of 2nd period - Quinton Howden wins face-off versus Evgeni Malkin in Sabres zone.
10:54 of 2nd period - Snap shot by Jordan Martinook.
10:54 of 2nd period - Stopped by Igor Shesterkin with a rebound.
10:56 of 2nd period - Wrist shot by Richard Panik.
10:56 of 2nd period - Shot Misses the Net.
10:58 of 2nd period - Slapshot by Chris Bigras.
10:58 of 2nd period - Shot Blocked by Justin Schultz.
11:00 of 2nd period - Wrist shot by Jordan Martinook.
11:00 of 2nd period - Shot Misses the Net.
11:02 of 2nd period - Wrist shot by Richard Panik.
11:02 of 2nd period - Stopped by Igor Shesterkin with a rebound.
11:04 of 2nd period - Backhand shot by Jordan Martinook.
11:04 of 2nd period - Goal by Jordan Martinook - Senateurs : 1 - Sabres : 1.
11:05 of 2nd period - Nick Bjugstad wins face-off versus Steven Stamkos in neutral zone.
11:10 of 2nd period - Backhand shot by Anton Lindholm.
11:10 of 2nd period - Shot Blocked by Shayne Gostisbehere.
11:12 of 2nd period - Slapshot by Anton Lindholm.
11:12 of 2nd period - Deflect By Jesse Puljujarvi.
11:12 of 2nd period - Stopped by Igor Shesterkin without a rebound.
11:13 of 2nd period - Nick Bjugstad wins face-off versus Steven Stamkos in Sabres zone.
11:49 of 2nd period - Snap shot by Nick Bjugstad.
11:49 of 2nd period - Stopped by Igor Shesterkin without a rebound.
11:50 of 2nd period - Quinton Howden wins face-off versus Charlie Coyle in Sabres zone.
11:57 of 2nd period - Wrist shot by Quinton Howden.
11:57 of 2nd period - Shot Misses the Net.
11:59 of 2nd period - Wrist shot by Richard Panik.
11:59 of 2nd period - Shot Blocked by Victor Hedman.
12:01 of 2nd period - Slapshot by Brendan Smith.
12:01 of 2nd period - Stopped by Igor Shesterkin with a rebound.
12:15 of 2nd period - Evgeni Malkin is hit by Zachary Sanford and loses puck.
12:20 of 2nd period - Wrist shot by Zachary Sanford.
12:20 of 2nd period - Deflect By Mark McNeill.
12:20 of 2nd period - Shot Misses the Net.
12:20 of 2nd period - Puck is out of play.
12:21 of 2nd period - Jesse Puljujarvi wins face-off versus Chris Kreider in Sabres zone.
12:32 of 2nd period - Slapshot by Teuvo Teravainen.
12:32 of 2nd period - Stopped by Mikko Koskinen with a rebound.
13:01 of 2nd period - Snap shot by Jordan Martinook.
13:01 of 2nd period - Shot Misses the Net.
13:03 of 2nd period - Snap shot by Jordan Martinook.
13:03 of 2nd period - Shot Misses the Net.
13:09 of 2nd period - Minor Penalty to Shayne Gostisbehere for Roughing.
13:10 of 2nd period - Steven Stamkos wins face-off versus Jesse Puljujarvi in Sabres zone.
13:41 of 2nd period - Steven Stamkos is hit by Anton Lindholm and loses puck.
15:09 of 2nd period - Penalty to Shayne Gostisbehere is over, Shayne Gostisbehere is back on ice.
15:26 of 2nd period - Snap shot by Chris Kreider.
15:26 of 2nd period - Shot Misses the Net.
15:35 of 2nd period - Off-side.
15:36 of 2nd period - Radek Faksa wins face-off versus Charlie Coyle in neutral zone.
15:47 of 2nd period - Wrist shot by Zachary Sanford.
15:47 of 2nd period - Stopped by Igor Shesterkin with a rebound.
17:23 of 2nd period - Icing by Brent Seabrook.
17:24 of 2nd period - Nick Bjugstad wins face-off versus Charlie Coyle in Sabres zone.
17:51 of 2nd period - Tyson Barrie is hit by Jake Gardiner and loses puck.
18:10 of 2nd period - Snap shot by Mark McNeill.
18:10 of 2nd period - Shot Misses the Net.
18:12 of 2nd period - Snap shot by Mark McNeill.
18:12 of 2nd period - Stopped by Igor Shesterkin with a rebound.
18:14 of 2nd period - Wrist shot by Zachary Sanford.
18:14 of 2nd period - Stopped by Igor Shesterkin with a rebound.
18:16 of 2nd period - Snap shot by Radek Faksa.
18:16 of 2nd period - Shot Blocked by Victor Hedman.
18:18 of 2nd period - Snap shot by Zachary Sanford.
18:18 of 2nd period - Stopped by Igor Shesterkin without a rebound.
18:19 of 2nd period - Charlie Coyle wins face-off versus Nick Bjugstad in Sabres zone.
18:28 of 2nd period - Alex Iafallo is hit by Shayne Gostisbehere and loses puck.
19:05 of 2nd period - Snap shot by Evgeni Malkin.
19:05 of 2nd period - Goal by Evgeni Malkin - Senateurs : 1 - Sabres : 2.
19:06 of 2nd period - Nick Bjugstad wins face-off versus Chris Kreider in neutral zone.
19:21 of 2nd period - Off-side.
19:22 of 2nd period - Charlie Coyle wins face-off versus Quinton Howden in neutral zone.
19:47 of 2nd period - Nick Bjugstad is hit by Steven Stamkos and loses puck.
19:54 of 2nd period - Slapshot by Chris Kreider.
19:54 of 2nd period - Goal by Chris Kreider - Senateurs : 1 - Sabres : 3.
19:55 of 2nd period - Steven Stamkos wins face-off versus Nick Bjugstad in neutral zone.
19:57 of 2nd period - Off-side.
19:58 of 2nd period - Steven Stamkos wins face-off versus Nick Bjugstad in neutral zone.
Goals for this period are 1 for Senateurs vs 3 for Sabres.
Shots for this period are 12 for Senateurs vs 9 for Sabres.
3rd period
0:01 of 3rd period - Nick Bjugstad wins face-off versus Steven Stamkos in neutral zone.
0:04 of 3rd period - Slapshot by Eric Gelinas.
0:04 of 3rd period - Stopped by Igor Shesterkin with a rebound.
1:12 of 3rd period - Nick Bjugstad is hit by Steven Stamkos and loses puck.
1:17 of 3rd period - Wrist shot by Steven Stamkos.
1:17 of 3rd period - Shot Blocked by Anton Lindholm.
1:19 of 3rd period - Wrist shot by Teuvo Teravainen.
1:19 of 3rd period - Stopped by Mikko Koskinen with a rebound.
1:21 of 3rd period - Wrist shot by Chris Kreider.
1:21 of 3rd period - Stopped by Mikko Koskinen with a rebound.
1:31 of 3rd period - Victor Hedman is hit by Christoph Bertschy and loses puck.
2:19 of 3rd period - Icing by Jordan Martinook.
2:20 of 3rd period - Steven Stamkos wins face-off versus Radek Faksa in Senateurs zone.
2:29 of 3rd period - Snap shot by Chris Kreider.
2:29 of 3rd period - Stopped by Mikko Koskinen with a rebound.
2:37 of 3rd period - Zachary Sanford is hit by Mathew Dumba and loses puck.
2:48 of 3rd period - Shayne Gostisbehere is hit by Mark McNeill and loses puck.
2:54 of 3rd period - Icing by Steven Stamkos.
2:55 of 3rd period - Steven Stamkos wins face-off versus Nick Bjugstad in Sabres zone.
3:18 of 3rd period - Snap shot by Chris Kreider.
3:18 of 3rd period - Stopped by Mikko Koskinen without a rebound.
3:19 of 3rd period - Quinton Howden wins face-off versus Charlie Coyle in Senateurs zone.
3:45 of 3rd period - Radek Faksa is hit by Victor Hedman and loses puck.
3:54 of 3rd period - Snap shot by Jimmy Vesey.
3:54 of 3rd period - Deflect By Corey Perry.
3:54 of 3rd period - Shot Blocked by Zachary Sanford.
3:54 of 3rd period - Puck is out of play.
3:55 of 3rd period - Nick Bjugstad wins face-off versus Evgeni Malkin in Senateurs zone.
4:07 of 3rd period - Slapshot by Evgeni Malkin.
4:07 of 3rd period - Shot Misses the Net.
4:09 of 3rd period - Snap shot by Evgeni Malkin.
4:09 of 3rd period - Stopped by Mikko Koskinen with a rebound.
4:11 of 3rd period - Slapshot by Jimmy Vesey.
4:11 of 3rd period - Shot Blocked by Anton Lindholm.
6:02 of 3rd period - Snap shot by Zachary Sanford.
6:02 of 3rd period - Stopped by Igor Shesterkin with a rebound.
6:08 of 3rd period - Snap shot by Mark McNeill.
6:08 of 3rd period - Stopped by Igor Shesterkin with a rebound.
6:28 of 3rd period - Snap shot by Brendan Perlini.
6:28 of 3rd period - Shot Blocked by Victor Hedman.
6:43 of 3rd period - Minor Penalty to Jake Gardiner for High sticking.
6:44 of 3rd period - Nick Bjugstad wins face-off versus Charlie Coyle in Senateurs zone.
6:52 of 3rd period - Snap shot by Alex Iafallo.
6:52 of 3rd period - Shot Misses the Net.
7:00 of 3rd period - Snap shot by Alex Iafallo.
7:00 of 3rd period - Stopped by Igor Shesterkin with a rebound.
7:03 of 3rd period - Icing by Shayne Gostisbehere.
7:04 of 3rd period - Charlie Coyle wins face-off versus Nick Bjugstad in Sabres zone.
7:40 of 3rd period - Slapshot by Shayne Gostisbehere.
7:40 of 3rd period - Shot Blocked by Jordan Martinook.
8:04 of 3rd period - Wrist shot by Mark Stone.
8:04 of 3rd period - Shot Misses the Net.
8:06 of 3rd period - Slapshot by Mark Stone.
8:06 of 3rd period - Sabres goal is going for a video replay.
8:06 of 3rd period - The goal is refused. The net was displaced accidentally..
8:07 of 3rd period - Steven Stamkos wins face-off versus Nick Bjugstad in Senateurs zone.
8:08 of 3rd period - Wrist shot by Chris Kreider.
8:08 of 3rd period - Shot Misses the Net.
8:10 of 3rd period - Wrist shot by Teuvo Teravainen.
8:10 of 3rd period - Stopped by Mikko Koskinen with a rebound.
8:12 of 3rd period - Slapshot by Victor Hedman.
8:12 of 3rd period - Sabres goal is going for a video replay.
8:12 of 3rd period - The goal is good.
8:12 of 3rd period - Goal by Victor Hedman - Senateurs : 1 - Sabres : 4.
8:13 of 3rd period - Steven Stamkos wins face-off versus Nick Bjugstad in neutral zone.
8:27 of 3rd period - Wrist shot by Steven Stamkos.
8:27 of 3rd period - Stopped by Mikko Koskinen with a rebound.
8:29 of 3rd period - Snap shot by Teuvo Teravainen.
8:29 of 3rd period - Shot Blocked by Anton Lindholm.
8:39 of 3rd period - Corey Perry is hit by Jordan Martinook and loses puck.
9:10 of 3rd period - Victor Hedman is hit by Zachary Sanford and loses puck.
9:26 of 3rd period - Off-side.
9:27 of 3rd period - Nick Bjugstad wins face-off versus Steven Stamkos in neutral zone.
9:34 of 3rd period - Wrist shot by Alex Iafallo.
9:34 of 3rd period - Shot Misses the Net.
9:54 of 3rd period - Snap shot by Charlie Coyle.
9:54 of 3rd period - Stopped by Mikko Koskinen with a rebound.
10:26 of 3rd period - Wrist shot by Corey Perry.
10:26 of 3rd period - Stopped by Mikko Koskinen with a rebound.
10:36 of 3rd period - Samuel Blais is hit by Eric Gelinas and loses puck.
11:57 of 3rd period - Slapshot by Mark Stone.
11:57 of 3rd period - Stopped by Mikko Koskinen without a rebound.
11:58 of 3rd period - Charlie Coyle wins face-off versus Christoph Bertschy in Senateurs zone.
12:03 of 3rd period - Snap shot by Tyler Ennis.
12:03 of 3rd period - Goal by Tyler Ennis - Senateurs : 1 - Sabres : 5.
12:04 of 3rd period - Nick Bjugstad wins face-off versus Steven Stamkos in neutral zone.
12:09 of 3rd period - Snap shot by Alex Iafallo.
12:09 of 3rd period - Shot Misses the Net.
12:27 of 3rd period - Minor Penalty to Alex Iafallo for Roughing.
12:28 of 3rd period - Steven Stamkos wins face-off versus Nick Bjugstad in Senateurs zone.
12:39 of 3rd period - Teuvo Teravainen is hit by Zachary Sanford.
13:08 of 3rd period - Wrist shot by Mark Stone.
13:08 of 3rd period - Goal by Mark Stone - Senateurs : 1 - Sabres : 6.
13:09 of 3rd period - Steven Stamkos wins face-off versus Quinton Howden in neutral zone.
13:57 of 3rd period - Wrist shot by Radek Faksa.
13:57 of 3rd period - Shot Misses the Net.
13:59 of 3rd period - Wrist shot by Radek Faksa.
13:59 of 3rd period - Shot Blocked by Jimmy Vesey.
14:01 of 3rd period - Slapshot by Zachary Sanford.
14:01 of 3rd period - Stopped by Igor Shesterkin with a rebound.
14:03 of 3rd period - Slapshot by Radek Faksa.
14:03 of 3rd period - Shot Blocked by Victor Hedman.
14:05 of 3rd period - Slapshot by Zachary Sanford.
14:05 of 3rd period - Shot Misses the Net.
15:21 of 3rd period - Wrist shot by Radek Faksa.
15:21 of 3rd period - Shot Misses the Net.
15:23 of 3rd period - Slapshot by Radek Faksa.
15:23 of 3rd period - Shot Misses the Net.
15:25 of 3rd period - Snap shot by Brendan Smith.
15:25 of 3rd period - Stopped by Igor Shesterkin without a rebound.
15:26 of 3rd period - Quinton Howden wins face-off versus Charlie Coyle in Sabres zone.
15:38 of 3rd period - Minor Penalty to Tyler Ennis for Slashing.
15:39 of 3rd period - Steven Stamkos wins face-off versus Nick Bjugstad in Sabres zone.
15:53 of 3rd period - Slapshot by Chris Kreider.
15:53 of 3rd period - Goal by Chris Kreider - Senateurs : 1 - Sabres : 7.
15:54 of 3rd period - Nick Bjugstad wins face-off versus Steven Stamkos in neutral zone.
16:51 of 3rd period - Snap shot by Charlie Coyle.
16:51 of 3rd period - Stopped by Mikko Koskinen without a rebound.
16:52 of 3rd period - Steven Stamkos wins face-off versus Nick Bjugstad in Senateurs zone.
17:07 of 3rd period - Justin Schultz is hit by Nick Bjugstad and loses puck.
17:38 of 3rd period - Penalty to Tyler Ennis is over, Tyler Ennis is back on ice.
18:20 of 3rd period - Slapshot by Jake Gardiner.
18:20 of 3rd period - Shot Misses the Net.
18:46 of 3rd period - Off-side.
18:47 of 3rd period - Evgeni Malkin wins face-off versus Quinton Howden in neutral zone.
18:47 of 3rd period - Evgeni Malkin is hit by Chris Bigras.
18:53 of 3rd period - Snap shot by Jimmy Vesey.
18:53 of 3rd period - Shot Misses the Net.
19:18 of 3rd period - Wrist shot by Jesse Puljujarvi.
19:18 of 3rd period - Shot Misses the Net.
19:36 of 3rd period - Slapshot by Radek Faksa.
19:36 of 3rd period - Goal by Radek Faksa - Senateurs : 2 - Sabres : 7.
19:37 of 3rd period - Steven Stamkos wins face-off versus Nick Bjugstad in neutral zone.
19:46 of 3rd period - Steven Stamkos is hit by Jake Gardiner and loses puck.
Goals for this period are 1 for Senateurs vs 4 for Sabres.
Shots for this period are 7 for Senateurs vs 16 for Sabres.